 Dungeon Crawl Stone Soup version 0.22.1-2-g9c5b331 (webtiles) character file.

6956 mobinator the Basher (level 10, -1/139 HPs)
             Began as a Minotaur Berserker on Nov 20, 2018.
             Was an Elder of Trog.
             Slain by a death yak (7 damage)
             ... on level 9 of the Dungeon.
             The game lasted 02:27:37 (13863 turns).

mobinator the Basher (Minotaur Berserker)          Turns: 13863, Time: 02:27:38

Health: -1/139     AC: 17    Str: 30    XL:     10   Next: 81%
Magic:  0/9        EV:  9    Int:  4    God:    Trog [****..]
Gold:   697        SH:  0    Dex: 10    Spells: 9/9 levels left

rFire    . . .     SeeInvis .   k - +0 whip
rCold    + . .     Gourm    .   (no shield)
rNeg     . . .     Faith    .   r - +0 plate armour
rPois    +         Spirit   +   (helmet restricted)
rElec    .         Reflect  .   i - scarf {Spirit}
rCorr    .         Harm     .   A - +2 pair of gloves
MR       .....                  (no boots)
Stlth    ..........             (no amulet)
HPRegen  0.33/turn              j - ring of protection from cold
MPRegen  0.11/turn              e - ring of poison resistance

@: berserking, very quick
A: retaliatory headbutt, horns 2
a: Berserk, Trog's Hand, Brothers in Arms, Renounce Religion


You were on level 9 of the Dungeon.
You worshipped Trog.
Trog was greatly pleased with you.
You were near starving.

You visited 2 branches of the dungeon, and saw 10 of its levels.

You collected 697 gold pieces.

Inventory:

Hand Weapons
 k - a +0 whip (weapon)
 x - a +2 whip of freezing
Missiles
 b - 117 stones
 y - 2 poisoned tomahawks (quivered)
 E - a tomahawk of returning
Armour
 i - a scarf of spirit shield (worn)
 r - a +0 plate armour (worn)
 A - a +2 pair of gloves (worn)
Jewellery
 e - a ring of poison resistance (right hand)
 j - a ring of protection from cold (left hand)
 s - an uncursed ring of protection from cold
Wands
 u - a wand of disintegration (16)
 C - a wand of acid (8)
Scrolls
 d - 4 scrolls of enchant weapon
 g - 2 scrolls of magic mapping
 l - 3 scrolls of amnesia
 n - 4 scrolls of teleportation
 o - 5 scrolls of remove curse
 p - a scroll of fog
 q - 2 scrolls of identify
Potions
 a - 2 potions of agility
 f - a potion of curing
 h - 3 potions of flight
 m - 2 potions of ambrosia {unknown}
 t - a potion of degeneration {unknown}
 v - 2 potions of invisibility {unknown}
 w - a potion of cancellation {unknown}
 z - a potion of heal wounds
 B - a potion of lignification {unknown}
 F - a potion of mutation {unknown}
Comestibles
 c - 18 rations


   Skills:
 * Level 10.1 Fighting
 + Level 13.3 Maces & Flails
 + Level 4.7 Throwing
 * Level 9.9 Armour
 - Level 2.1 Dodging


You had 9 spell levels left.
You didn't know any spells.
Your spell library contained the following spells:

 Spells                   Type           Power        Failure   Level  Hunger
 Animate Skeleton         Necr           N/A          99%         1    ##.....
 Apportation              Tloc           #.....       99%         1    ##.....
 Confusing Touch          Hex            #.....       99%         1    ##.....
 Summon Small Mammal      Summ           #...         99%         1    ##.....


Dungeon Overview and Level Annotations

Branches:
Dungeon (9/15)             Temple (1/1) D:7
   Lair: D:8-11         Orc: D:9-12

Altars:
Elyvilon
Makhleb
Ru
Yredelemnul

Shops:
D:4 *   D:8 (%*

Annotations:
D:3 2 transporters, MalarOregon's ghost, amateur MfEE


Innate Abilities, Weirdness & Mutations

You reflexively headbutt those who attack you in melee.
You have a pair of horns on your head.


Message History

You hit the death yak but do no damage.
The death yak is lightly wounded.
The death yak closely misses you.
You hit the death yak. You headbutt the death yak!
The death yak is lightly wounded.
The death yak gores you but does no damage.
You hit the death yak.
The death yak is moderately wounded.
The death yak gores you!!
* * * LOW HITPOINT WARNING * * *
The death yak barely misses you.
Your plate armour prevents you from hitting the death yak.
Your headbutt misses the death yak.
The death yak is moderately wounded.
You are too berserk!
Unknown command.
You hit the death yak. You headbutt the death yak!
The death yak is moderately wounded.
The death yak gores you!
You die...

#.#.#####.#..#.###########.#
#.#.# #>...................
#.#.# #.....(.Y.YY.........
#.#.# #..#..#)###########.#
#<#)# #..#..#.# #......
#.#†# #..#Y.#.#######......
#.#.# #..#..#.#.)...†...(.(
#.#.# #..#YY#.#.#####......
#.#.# #..#@Y#.#.# #......
#.#.####..##.#.#.# #......
#.#..........#.#.# #......
##.######...###.#.# #......
#.............))#.# #######
#########.....[##.#
#.....[##.#
###...)##'#########
#..........)....#


You could see 4 death yaks.

Vanquished Creatures
  Erica (D:8)
  A death yak (D:9)
  Pikel (D:3)
  Joseph (D:7)
  Grinder (D:5)
  A hippogriff (D:8)
  A yak (D:6)
  A hungry ghost (D:9)
  Menkaure (D:6)
  A slave (D:3)
  A sky beast (D:5)
  7 orc warriors
  A black bear (D:8)
  A necrophage (D:7)
  A phantom (D:7)
  An ogre (D:4)
  4 centaurs
  A big kobold (D:9)
  Blork the orc (D:4)
  4 bullfrogs
  5 scorpions
  A water moccasin skeleton (D:8)
  9 killer bees
  4 howler monkeys
  A centaur zombie (D:5)
  A quasit (D:9)
  A bullfrog skeleton (D:4)
  2 bullfrog zombies
  A crimson imp (D:8)
  4 hounds
  3 jellies
  2 centaur skeletons
  6 orc priests
  Jessica (D:3)
  4 iguanas
  8 orc wizards
  6 worker ants
  A hound skeleton (D:4)
  A worker ant zombie (D:7)
  4 gnolls
  9 adders
  5 shadow imps
  An adder zombie (D:5)
  3 adder skeletons (D:6)
  4 worms
  2 dart slugs
  2 leopard geckos
  39 orcs
  2 ball pythons
  5 bats
  2 giant cockroaches
  4 goblins
  6 hobgoblins
  A jackal (D:6)
  7 quokkas
  5 frilled lizards
  A giant cockroach zombie (D:6)
  12 kobolds
  4 leopard gecko skeletons
  2 quokka skeletons
  3 rats
216 creatures vanquished.

Notes
Turn   | Place    | Note
-------+----------+-------------------------------------------
     0 | D:1      | mobinator the Minotaur Berserker began the quest for the
                  | Orb.
     0 | D:1      | Reached XP level 1. HP: 19/19 MP: 0/0
   431 | D:1      | Reached skill level 4 in Maces & Flails
   718 | D:2      | Reached XP level 2. HP: 20/26 MP: 1/1
   922 | D:2      | Reached skill level 5 in Maces & Flails
   922 | D:2      | Reached XP level 3. HP: 15/31 MP: 2/2
  1639 | D:2      | Reached skill level 6 in Maces & Flails
  1639 | D:2      | Reached XP level 4. HP: 31/39 MP: 3/3
  2780 | D:2      | Reached ** piety under Trog
  2780 | D:2      | Reached XP level 5. HP: 45/45 MP: 4/4
  3165 | D:3      | Reached skill level 7 in Maces & Flails
  3278 | D:3      | Found a transporter.
  3278 | D:3      | Noticed MalarOregon's ghost (amateur MfEE)
  3556 | D:3      | Found a transporter.
  3855 | D:3      | Noticed Jessica
  3899 | D:3      | Killed Jessica
  4179 | D:3      | Reached skill level 8 in Maces & Flails
  4377 | D:3      | Reached XP level 6. HP: 44/51 MP: 3/5
  4543 | D:4      | Reached skill level 9 in Maces & Flails
  4692 | D:4      | Noticed Blork the orc
  4709 | D:4      | Killed Blork the orc
  4866 | D:4      | Found Diphia's Assorted Antiques.
  4965 | D:4      | Reached XP level 7. HP: 57/57 MP: 6/6
  5071 | D:4      | Noticed Pikel
  5232 | D:3      | Killed Pikel
  5232 | D:3      | Reached skill level 11 in Maces & Flails
  5232 | D:3      | Reached XP level 8. HP: 64/64 MP: 4/7
  5720 | D:5      | Entered Level 5 of the Dungeon
  5945 | D:5      | Reached *** piety under Trog
  5945 | D:5      | Reached skill level 12 in Maces & Flails
  6361 | D:5      | Noticed Grinder
  6392 | D:5      | Killed Grinder
  6456 | D:5      | Reached skill level 5 in Fighting
  6585 | D:5      | Reached skill level 5 in Armour
  7362 | D:6      | Noticed Menkaure
  7730 | D:6      | Killed Menkaure
  7730 | D:6      | Reached skill level 1 in Throwing
  7730 | D:6      | Reached XP level 9. HP: 75/75 MP: 8/8
  8428 | D:6      | Found a sacrificial altar of Ru.
  8781 | D:7      | Noticed Joseph
  9133 | D:7      | Killed Joseph
  9331 | D:7      | Found a staircase to the Ecumenical Temple.
  9340 | Temple   | Entered the Ecumenical Temple
  9514 | D:7      | Reached **** piety under Trog
 10068 | D:7      | Found a basalt altar of Yredelemnul.
 10284 | D:8      | Found Foalebio's Assorted Antiques.
 10580 | D:7      | Reached XP level 10. HP: 47/88 MP: 6/9
 11568 | D:8      | Found Achibbol's Food Emporium.
 11568 | D:8      | Noticed Erica
 11919 | D:8      | Killed Erica
 11919 | D:8      | Reached skill level 13 in Maces & Flails
 12167 | D:8      | Found Equdol's Antique Weapon Emporium.
 12610 | D:8      | Noticed a yaktaur captain
 12642 | D:8      | HP: 1/91 [yaktaur captain/bolt (10)]
 13565 | D:9      | Noticed a death yak
 13565 | D:9      | Noticed a death yak
 13565 | D:9      | Noticed a death yak
 13618 | D:9      | Killed a death yak
 13618 | D:9      | Reached skill level 10 in Fighting
 13767 | D:9      | Noticed a death yak
 13768 | D:9      | Noticed a death yak
 13861 | D:9      | HP: 6/139 [death yak (17)]
 13863 | D:9      | Slain by a death yak

Skill      XL: |  1  2  3  4  5  6  7  8  9 10 |
---------------+-------------------------------+-----
Maces & Flails | 4 5 6 8 9 11 12 13 | 13.3
Fighting       | 5 8 10 | 10.1
Armour         | 5 8 9 |  9.9
Throwing       | 1 3 4 |  4.7
Dodging        | |  2.1

Action                   |  1- 3 |  4- 6 |  7- 9 | 10-12 || total
-------------------------+-------+-------+-------+-------++-------
Melee: Mace              |    54 |   114 |    54 |       ||   222
       Headbutt          |     4 |    20 |    60 |    49 ||   133
       Whip              |       |       |   229 |   253 ||   482
 Fire: Hunting sling     |       |       |     3 |       ||     3
Throw: Stone             |       |    12 |    24 |    12 ||    48
       Tomahawk          |       |       |     8 |    27 ||    35
Invok: Berserk           |       |       |     4 |     2 ||     6
       Trog's Hand       |       |       |     2 |       ||     2
  Use: Scroll            |       |     7 |     7 |     2 ||    16
       Potion            |       |       |       |     4 ||     4
  Eat: Chunk             |     1 |     8 |    17 |    10 ||    36
       Ration            |       |     1 |     1 |     1 ||     3
Armor: Chain mail        |    33 |     9 |    25 |       ||    67
       Scale mail        |       |    41 |     6 |       ||    47
       Plate armour      |       |       |    67 |    96 ||   163
Dodge: Dodged            |    25 |    83 |    86 |    77 ||   271
